Map: Cactus Valley LE (Void)

Players

Nerchio - Winner!

  • Race: Zerg Zerg
  • Spawn Location: 5:00

Neeb

  • Race: Protoss Protoss
  • Spawn Location: 1:00

Event: WCS Austin 2017

VOD

Have the link to the VOD?

Description

Time

  • Played on: April 30, 2017, 3:04 p.m.
  • Length: 18:13

All games in this series

Show
View Real Time Build Order
Export as new Build Order

Nerchio Zerg - Winner!

Build Orders: Pool First 

Get SALT Encoding   

  12  0:00  Drone  
  13  0:12  Overlord  
  13  0:18  Drone  
  14  0:30  Drone  
  14  0:31  Drone  
  14  0:34  Drone  
  17  0:53  Drone  
  17  0:55  Extractor  
  17  0:56  Spawning Pool, Drone  
  17  1:07  Drone  
  18  1:22  Overlord  
  18  1:32  Hatchery  
  17  1:42  Queen  
  17  1:43  Zergling x2  
  21  1:47  Drone  
  21  1:51  Drone  
  22  1:58  Metabolic Boost  
  22  2:02  Drone  
  23  2:15  Drone  
  23  2:18  Queen  
  23  2:22  Drone  
  27  2:32  Drone  
  28  2:41  Hatchery  
  27  2:44  Zergling x2  
  27  2:47  Zergling x2  
  27  2:49  Drone  
  30  2:52  Drone  
  30  2:55  Drone  
  32  3:00  Drone x2  
  34  3:10  Drone x2  
  35  3:23  Overlord  
  35  3:27  Queen, Extractor  
  35  3:29  Overlord  
  35  3:31  Spore Crawler  
  36  3:42  Drone x6  
  36  3:43  Zergling x2  
  36  3:47  Overlord  
  43  3:51  Spore Crawler  
  43  3:54  Queen  
  44  3:57  Zergling x2  
  44  4:01  Drone x2  
  44  4:02  Drone  
  48  4:06  Drone  
  48  4:07  Drone  
  48  4:09  Drone  
  52  4:10  Drone  
  52  4:17  Drone x2  
  52  4:23  Drone, Roach Warren, Extractor  
  50  4:28  Drone x3  
  50  4:30  Drone  
  54  4:32  Drone  
  54  4:34  Drone  
  54  4:38  Drone, Spore Crawler  
  57  4:42  Zergling x4  
  57  4:48  Overlord, Zergling x2  
  58  4:52  Zergling x2  
  58  4:53  Zergling x4  
  58  4:55  Zergling x2  
  58  4:58  Zergling x4  
  63  5:04  Overlord  
  63  5:10  Roach x3  
  63  5:11  Roach  
  63  5:12  Lair  
  71  5:15  Roach  
  71  5:18  Overlord  
  71  5:21  Overlord  
  73  5:26  Overlord x2  
  68  5:35  Zergling x2  
  68  5:36  Zergling x10  
  68  5:40  Drone  
  68  5:44  Drone  
  68  5:45  Drone x2  
  68  5:46  Drone  
  68  5:47  Drone x2  
  68  5:48  Drone  
  75  5:52  Drone x2  
  75  5:56  Drone  
  78  5:57  Drone  
  78  5:58  Extractor  
  78  5:59  Drone  
  78  6:00  Extractor  
  76  6:07  Drone  
  76  6:08  Drone  
  76  6:09  Drone, Extractor  
  78  6:11  Hydralisk Den  
  78  6:12  Extractor  
  78  6:15  Spire  
  78  6:16  Drone  
  78  6:17  Drone x2  
  78  6:18  Drone  
  80  6:20  Drone  
  80  6:22  Drone  
  82  6:33  Drone x3  
  82  6:34  Drone x2  
  82  6:35  Drone  
  82  6:39  Glial Reconstitution  
  88  6:41  Hatchery  
  88  6:42  Overlord  
  88  6:43  Overlord  
  88  6:45  Drone x2  
  88  6:46  Drone  
  90  6:50  Overlord  
  90  6:53  Roach  
  90  6:54  Roach  
  92  7:02  Roach  
  92  7:03  Roach x4  
  92  7:06  Ravager x3  
  92  7:07  Roach  
  92  7:08  Roach  
  109  7:10  Roach  
  109  7:12  Roach  
  109  7:13  Queen  
  114  7:17  Overlord x2  
  114  7:19  Roach  
  114  7:20  Ravager  
  114  7:21  Roach  
  119  7:23  Overlord  
  119  7:25  Overlord  
  119  7:35  Overlord  
  119  7:36  Drone x8  
  127  7:37  Drone  
  127  7:42  Drone x3  
  131  7:48  Evolution Chamber  
  131  7:49  Baneling Nest  
  129  7:59  Drone x3, Extractor  
  129  8:00  Drone, Spore Crawler  
  129  8:02  Roach x4, Extractor  
  138  8:09  Overlord  
  138  8:12  Roach x4  
  146  8:13  Roach  
  146  8:16  Zerg Melee Weapons Level 1  
  148  8:24  Overlord x2  
  148  8:34  Roach x9  
  160  8:36  Ravager x6  
  160  8:38  Roach  
  160  8:39  Overlord  
  172  8:42  Zergling x6  
  172  8:44  Zergling x2  
  172  8:45  Zergling x2  
  172  8:47  Zergling x6  
  180  8:48  Zergling x2  
  180  8:49  Zergling x2  
  180  8:50  Overseer  
  180  8:51  Zergling x2  
  180  8:53  Zergling x2  
  180  8:54  Zergling x4  
  186  8:56  Zergling x4  
  186  8:58  Zergling x4  
  186  9:00  Ravager x4  
  194  9:03  Zergling x6  
  194  9:09  Baneling  
  197  9:10  Baneling x13  
  197  9:12  Zergling x4  
  196  9:21  Roach x2  
  199  9:24  Roach  
  199  9:26  Roach x2  
  198  9:34  Baneling  
  198  9:35  Baneling x10  
  198  9:37  Roach  
  184  9:41  Roach  
  184  9:43  Roach x2  
  184  9:44  Roach x2  
  177  9:46  Roach x3  
  177  9:47  Roach  
  177  9:48  Roach  
  177  9:50  Roach x2  
  177  9:52  Roach x2  
  191  9:56  Roach x2  
  191  9:57  Roach x2  
  191  9:58  Roach x2  
  184  10:00  Roach  
  184  10:01  Roach  
  184  10:02  Roach  
  184  10:04  Roach  
  184  10:06  Roach  
  182  10:08  Roach  
  182  10:10  Queen, Roach  
  182  10:12  Ravager x4  
  181  10:17  Ravager x2  
  181  10:18  Roach  
  181  10:20  Zergling x6  
  188  10:21  Zergling x2  
  188  10:22  Zergling x2  
  188  10:24  Zergling x2  
  188  10:27  Zergling x2  
  192  10:33  Zergling x2  
  192  10:34  Zergling x4  
  187  10:38  Zergling x2  
  187  10:41  Zergling x2  
  187  10:42  Zergling x2  
  184  10:45  Zergling x2  
  162  10:50  Zergling x2  
  162  10:52  Roach  
  162  10:53  Roach x2  
  162  10:54  Roach x2  
  162  10:55  Roach x6  
  162  10:56  Roach  
  153  11:02  Roach  
  153  11:03  Roach  
  147  11:04  Roach  
  147  11:06  Roach  
  145  11:13  Roach  
  145  11:14  Roach  
  145  11:15  Baneling x2  
  145  11:16  Roach x2, Baneling x6  
  152  11:19  Roach x2  
  152  11:20  Ravager x3, Roach x2  
  152  11:21  Ravager x3  
  152  11:23  Roach  
  152  11:25  Roach  
  168  11:28  Roach x2  
  168  11:29  Roach  
  168  11:31  Roach  
  161  11:32  Roach  
  161  11:35  Zergling x4  
  161  11:36  Roach  
  161  11:38  Roach  
  152  11:40  Roach  
  152  11:42  Roach x2  
  152  11:44  Roach  
  152  11:46  Roach  
  159  11:47  Roach  
  159  11:49  Roach  
  159  11:51  Roach  
  159  11:52  Roach  
  159  11:53  Roach  
  165  11:55  Roach  
  165  11:56  Roach, Hatchery  
  165  11:58  Roach  
  165  12:00  Zergling x4  
  168  12:02  Roach  
  168  12:03  Ravager x2  
  168  12:04  Ravager x3  
  168  12:07  Zergling x2  
  168  12:08  Zergling x4  
  178  12:09  Zergling x4  
  178  12:11  Zergling x2  
  178  12:12  Ravager x2  
  178  12:15  Baneling x3  
  183  12:16  Zergling x2, Baneling  
  183  12:19  Overlord  
  183  12:22  Overlord  
  184  12:26  Overlord x2  
  184  12:28  Overlord  
  184  12:31  Overlord  
  184  12:33  Overlord  
  184  12:34  Baneling  
  184  12:35  Baneling x4  
  184  12:36  Baneling x2  
  175  12:47  Zergling x2  
  175  12:48  Zergling x8  
  175  12:50  Roach x4  
  175  12:51  Roach  
  170  12:52  Ravager x3  
  170  12:53  Ravager  
  170  12:55  Roach  
  170  12:58  Roach x2  
  179  12:59  Roach  
  179  13:03  Roach x2  
  179  13:04  Roach  
  184  13:06  Roach  
  184  13:12  Roach x2  
  183  13:13  Roach x2  
  183  13:15  Zergling x4  
  183  13:18  Baneling x6  
  183  13:19  Baneling x2  
  186  13:20  Zergling x2  
  186  13:21  Zergling x2  
  186  13:23  Zergling x2  
  186  13:24  Zergling x2  
  186  13:25  Zergling x4  
  192  13:33  Roach  
  199  13:34  Roach x3  
  199  13:40  Zergling x2  
  182  13:48  Roach  
  182  13:49  Roach x9  
  199  13:57  Zerg Missile Weapons Level 1, Centrifical Hooks  
  199  14:01  Ravager  
  191  14:19  Zergling x28  
  191  14:21  Zergling x2  
  191  14:22  Roach  
  198  14:28  Roach x2  
  198  14:30  Roach  
  197  14:31  Roach  
  197  14:33  Roach x3  
  197  14:36  Roach  
  197  14:37  Roach x4  
  197  14:40  Roach  
  197  14:41  Roach x2  
  197  14:43  Roach  
  197  14:45  Roach  
  185  14:46  Roach  
  185  14:52  Roach x2  
  167  14:53  Roach x2  
  167  14:55  Roach  
  157  15:02  Roach x3  
  157  15:05  Ravager x9  
  157  15:06  Ravager x3  
  175  15:09  Roach  
  175  15:10  Roach  
  175  15:12  Zergling x4  
  175  15:13  Zergling x2  
  182  15:14  Zergling x2  
  182  15:16  Zergling x2  
  182  15:17  Zergling x2  
  182  15:18  Zergling x2  
  182  15:19  Zergling x2  
  187  15:22  Ravager x5  
  187  15:24  Baneling x4  
  187  15:25  Baneling  
  187  15:26  Baneling x2  
  187  15:27  Baneling  
  192  15:28  Baneling x2  
  192  15:30  Zergling x4  
  192  15:38  Roach x3  
  194  15:52  Zergling x6  
  194  15:53  Zergling x18  
  194  15:55  Zerg Melee Weapons Level 2  
  197  16:05  Zergling x6  
  200  16:12  Baneling  
  200  16:13  Baneling x9  
  200  16:14  Baneling x2  
  200  16:15  Baneling x2  
  200  16:16  Hatchery, Baneling  
  199  16:20  Hatchery  
  199  16:21  Baneling x8  
  199  16:22  Baneling  
  199  16:25  Zergling x4  
  199  16:39  Zergling x2  
  195  16:40  Zergling x8  
  178  16:50  Roach x8  
  178  16:53  Roach  
  174  16:55  Roach  
  174  16:56  Roach  
  174  16:58  Roach  
  159  17:03  Roach  
  159  17:06  Roach  
  149  17:09  Roach x2  
  149  17:12  Roach  
  149  17:14  Roach  
  147  17:18  Roach  
  146  17:24  Ravager x6  
  146  17:25  Ravager x2  
  146  17:26  Baneling  
  146  17:27  Baneling  
  151  17:30  Zergling x2  
  151  17:31  Zergling x2  
  151  17:33  Zergling x2  
  151  17:34  Zergling x2  
  151  17:35  Zergling x2  
  156  17:38  Zergling x2  
  156  17:39  Zergling x2  
  156  17:41  Baneling x4  
  156  17:42  Baneling  
  158  17:44  Baneling x2  
  158  17:45  Zergling x2, Baneling  
  158  17:46  Zergling x2  
  160  17:54  Zergling x12  
Show
View Real Time Build Order
Export as new Build Order

Neeb Protoss 

Build Orders: 1 Gate Expand, Oracle Opening 

Get SALT Encoding   

  12  0:01  Probe (Chrono Boost)  
  13  0:11  Probe (Chrono Boost)  
  14  0:19  Pylon  
  14  0:22  Probe (Chrono Boost)  
  15  0:38  Probe (Chrono Boost)  
  15  0:41  Gateway  
  16  0:48  Probe (Chrono Boost)  
  17  0:52  Assimilator  
  17  0:59  Probe (Chrono Boost)  
  18  1:04  Pylon  
  18  1:09  Probe (Chrono Boost)  
  19  1:25  Nexus  
  19  1:29  Probe (Chrono Boost)  
  20  1:38  Cybernetics Core  
  20  1:41  Probe (Chrono Boost)  
  21  1:47  Assimilator  
  21  1:51  Probe (Chrono Boost)  
  22  1:56  Pylon  
  22  2:02  Probe (Chrono Boost)  
  23  2:11  Adept  
  23  2:14  Warp Gate  
  26  2:16  Probe (Chrono Boost)  
  26  2:28  Probe (Chrono Boost)  
  26  2:29  Pylon  
  27  2:37  Stargate  
  27  2:38  Adept  
  27  2:39  Probe (Chrono Boost)  
  27  2:40  Probe (Chrono Boost)  
  31  2:50  Probe (Chrono Boost)  
  33  2:52  Probe (Chrono Boost)  
  33  3:00  Probe (Chrono Boost)  
  33  3:02  Adept  
  33  3:04  Probe (Chrono Boost)  
  37  3:11  Probe (Chrono Boost)  
  38  3:16  Probe (Chrono Boost), Oracle  
  39  3:22  Probe (Chrono Boost)  
  43  3:29  Gateway  
  43  3:30  Probe (Chrono Boost), Gateway  
  43  3:32  Probe (Chrono Boost)  
  45  3:43  Probe (Chrono Boost)  
  45  3:44  Pylon  
  46  3:53  Pylon  
  46  3:55  Pylon  
  46  3:57  Oracle  
  52  4:03  Probe (Chrono Boost)  
  52  4:06  Mothership Core (Chrono Boost)  
  52  4:13  Probe (Chrono Boost)  
  53  4:22  Assimilator  
  53  4:23  Nexus  
  53  4:24  Probe (Chrono Boost)  
  53  4:26  Assimilator, Probe (Chrono Boost)  
  53  4:33  Phoenix, Adept x3  
  53  4:38  Probe (Chrono Boost)  
  62  4:39  Probe (Chrono Boost)  
  63  4:49  Probe (Chrono Boost)  
  63  4:50  Probe (Chrono Boost)  
  64  4:53  Pylon  
  64  4:56  Robotics Facility  
  64  5:02  Probe (Chrono Boost), Adept x2  
  69  5:08  Probe (Chrono Boost)  
  71  5:14  Probe (Chrono Boost)  
  71  5:18  Sentry  
  71  5:19  Probe (Chrono Boost)  
  74  5:23  Pylon  
  74  5:25  Pylon, Sentry  
  74  5:26  Probe (Chrono Boost)  
  77  5:29  Probe (Chrono Boost)  
  76  5:37  Probe (Chrono Boost)  
  76  5:38  Probe (Chrono Boost)  
  76  5:41  Immortal  
  76  5:42  Probe (Chrono Boost)  
  77  5:45  Sentry x2  
  85  5:52  Probe (Chrono Boost)  
  85  5:56  Probe (Chrono Boost)  
  85  5:57  Probe (Chrono Boost)  
  85  5:58  Gateway  
  85  6:00  Forge, Gateway  
  85  6:03  Gateway  
  84  6:07  Probe x2 (Chrono Boost)  
  84  6:08  Probe (Chrono Boost)  
  84  6:09  Zealot, Sentry  
  84  6:11  Zealot  
  92  6:19  Immortal, Pylon  
  92  6:20  Protoss Ground Weapons Level 1  
  92  6:21  Pylon  
  92  6:23  Pylon  
  95  6:27  Probe x2 (Chrono Boost)  
  95  6:29  Probe (Chrono Boost)  
  98  6:38  Twilight Council  
  98  6:39  Probe x3 (Chrono Boost)  
  101  6:43  Assimilator x2  
  101  6:44  Pylon  
  101  6:50  Zealot x3  
  107  7:01  Probe (Chrono Boost)  
  107  7:02  Probe (Chrono Boost)  
  107  7:03  Observer  
  107  7:07  Probe (Chrono Boost)  
  109  7:14  Charge  
  109  7:15  Templar Archives, Probe (Chrono Boost)  
  110  7:18  Gateway  
  110  7:20  Gateway  
  110  7:25  Probe (Chrono Boost)  
  113  7:41  Phoenix  
  111  7:46  Photon Cannon x2  
  111  7:48  Photon Cannon  
  111  7:49  Photon Cannon  
  111  7:50  Nexus  
  113  7:52  Stargate  
  113  7:53  Pylon  
  113  7:57  Gateway  
  113  7:58  Gateway  
  113  7:59  High Templar x2  
  113  8:00  Photon Cannon  
  113  8:03  Protoss Ground Weapons Level 2  
  117  8:07  High Templar x2, Archon  
  117  8:08  Phoenix  
  117  8:10  Archon  
  123  8:20  Zealot x2  
  123  8:24  Pylon  
  123  8:26  Probe (Chrono Boost), Photon Cannon  
  130  8:27  Probe x2 (Chrono Boost)  
  130  8:37  Zealot x4  
  138  8:42  Immortal, Pylon  
  138  8:44  Pylon  
  142  8:59  High Templar x3, Pylon  
  142  9:00  High Templar  
  150  9:03  Pylon  
  150  9:04  Pylon  
  150  9:08  Archon x2  
  150  9:12  Assimilator x2  
  150  9:13  Photon Cannon  
  148  9:18  Zealot x2  
  144  9:29  Zealot x3  
  132  9:37  Probe x2 (Chrono Boost), Zealot x4  
  135  9:40  Immortal  
  130  9:47  Zealot x2  
  129  9:56  Zealot x3  
  129  9:58  Mothership Core (Chrono Boost)  
  126  10:01  Probe (Chrono Boost)  
  126  10:02  Probe x2 (Chrono Boost)  
  126  10:03  Robotics Facility  
  126  10:04  Zealot x2  
  126  10:14  Probe (Chrono Boost)  
  126  10:15  Gateway  
  126  10:17  Probe (Chrono Boost)  
  125  10:21  High Templar  
  125  10:22  High Templar x5  
  125  10:25  Archon  
  125  10:26  Archon  
  125  10:27  Immortal  
  125  10:28  Archon  
  134  10:45  Zealot  
  134  10:47  Zealot x2  
  126  10:51  Protoss Ground Weapons Level 3  
  126  10:54  Zealot x2  
  126  10:56  Zealot x4  
  116  11:07  Immortal  
  116  11:09  Zealot x3  
  126  11:13  Immortal  
  130  11:20  Zealot x6  
  130  11:21  Zealot  
  108  11:46  High Templar x4, Immortal  
  108  11:47  High Templar x2  
  110  11:48  Zealot x4  
  110  11:52  Immortal  
  110  11:53  Archon x3  
  120  12:12  High Templar x2, Sentry x2  
  128  12:17  Archon  
  128  12:19  Stalker x2  
  132  12:24  Nexus  
  132  12:25  Immortal  
  135  12:31  Stalker x4  
  135  12:34  Immortal  
  145  12:38  Pylon  
  122  13:04  Immortal  
  122  13:05  High Templar, Pylon  
  122  13:06  High Templar x3  
  122  13:07  Zealot x3  
  122  13:10  Archon x2  
  122  13:11  Probe x2 (Chrono Boost)  
  134  13:15  Immortal  
  134  13:26  Zealot x3  
  140  13:27  Zealot x3  
  142  13:35  Mothership Core (Chrono Boost)  
  134  13:55  High Templar x4  
  138  14:01  Archon x2, Nexus  
  140  14:10  Assimilator x2  
  140  14:11  High Templar x2, Probe x2 (Chrono Boost)  
  140  14:12  Zealot x3  
  140  14:13  Zealot  
  140  14:17  Archon  
  120  14:34  Immortal, Zealot  
  120  14:36  Immortal  
  118  14:40  Zealot x4  
  118  14:41  Zealot  
  106  14:57  Zealot x4  
  106  15:08  High Templar x2, Immortal  
  106  15:09  Zealot x4  
  106  15:12  Immortal  
  122  15:14  Archon  
  126  15:22  Pylon  
  126  15:27  Sentry x2  
  127  15:40  Sentry  
  127  15:41  Sentry  
  129  15:46  Immortal  
  133  15:58  Immortal  
  133  16:02  Assimilator  
  125  16:09  Zealot  
  123  16:13  Zealot x2, Sentry  
  123  16:15  Zealot x4, Sentry  
  139  16:21  Pylon  
  139  16:23  Pylon  
  139  16:24  Immortal  
  113  16:53  Zealot x5  
  90  17:09  Nexus  
  88  17:18  High Templar  
  88  17:19  High Templar x3, Zealot x2  
  100  17:27  Archon x2  
  100  17:35  Sentry  
  100  17:36  Zealot  
  104  17:42  Assimilator  
  104  17:54  Zealot x6  
Tags
 
Add a new tag
Caveats
  • Supply blocks, unpowered buildings, or Contaminate may cause inaccurate times.
  • Supply counts are checked every 10 seconds.